 Dungeon Crawl Stone Soup version 0.32-a0-630-g46d191b0ed (webtiles) character file.

Game seed: 10997876064719620859

358840 Pooter the Warrior (level 21, 0/203 HPs)
             Began as a Minotaur Fighter on Mar 2, 2024.
             Was the Champion of Beogh.
             Killed by divine providence
             ... invoked by a sphinx
              (12 damage)
             ... on level 2 of the Depths on Mar 6, 2024.
             The game lasted 05:48:56 (59019 turns).

Pooter the Warrior (Minotaur Fighter)              Turns: 59019, Time: 05:48:56

Health: 0/203      AC: 29    Str: 45    XL:     21   Next: 44%
Magic:  30/30      EV: 13    Int: 10    God:    Beogh [******]
Gold:   1837       SH:  9    Dex: 10    Spells: 20/20 levels left

rFire   + . .        a - +3 war axe (drain)
rCold   + . .        B - +3 buckler {rF+}
rNeg    + . .        Z - +3 plate armour "Pimy Ymm" {Regen+ Int+2}
rPois   +            V - +2 hat {Stlth+}
rElec   .            g - +0 cloak "Midut" {+Inv Dex-2 Slay+4}
rCorr   .            H - +0 pair of gloves of the Clam {rPois Str+5}
SInv    +            J - +1 pair of boots of the Butcher {rC+ Str+4 SInv}
Will    +....        p - amulet of regeneration
Stlth   +            r - +6 ring of strength
HPRegen 2.13/turn    q - ring of the Coward {rPois rN+ Int+3 Slay+3}
MPRegen 0.22/turn

%: no passive effects
@: no status effects
A: walk on water, horns 2, retaliatory headbutt, mutation resistance 1
}: 2/15 runes: barnacled, gossamer
a: Renounce Religion, Evoke Invisibility, Smiting, Recall Apostles, Blood for
Blood, Dismiss Zorug, warrior, Dismiss Argrim, wizard, Dismiss Boldo, wizard


You were on level 2 of the Depths.
You worshipped Beogh.
Beogh was exalted by your worship.
You visited 8 branches of the dungeon, and saw 37 of its levels.
You also visited: Bailey, Ice Cave and Volcano.

You collected 4647 gold pieces.
You spent 2810 gold pieces at shops.

Inventory:

Hand Weapons
 a - a +3 war axe of draining (weapon)
 b - a +4 hand cannon of freezing
   (You took it off a vault sentinel on level 2 of the Vaults)
 n - the +3 trident of Fivawon {flame, +Blink Will+ Str+3 Dex-5}
   (You found it on level 10 of the Dungeon)

   Str+3:     It affects your strength (+3).
   Dex-5:     It affects your dexterity (-5).
   Will+:     It increases your willpower.
   +Blink:    It lets you blink.
 y - a +0 vampiric broad axe
   (You found it on level 10 of the Dungeon)
Missiles
 v - 38 boomerangs (quivered)
 x - 3 darts of dispersal {!f}
 L - 12 curare-tipped darts
 M - 31 javelins
 X - 13 silver javelins
Armour
 g - the +0 cloak "Midut" (worn) {+Inv Dex-2 Slay+4}
   (You bought it in a shop on level 2 of the Orcish Mines)

   Dex-2:     It affects your dexterity (-2).
   Slay+4:    It affects your accuracy & damage with ranged weapons and melee
   (+4).
   +Inv:      It lets you turn invisible.
 l - a +8 plate armour of fire resistance
   (You found it in a volcano)
 m - a scarf of resistance
   (You found it on level 4 of the Spider Nest)
 B - a +3 buckler of fire resistance (worn)
   (You took it off a gnoll sergeant on level 6 of the Dungeon)
 H - the +0 pair of gloves of the Clam (worn) {rPois Str+5}
   (You acquired it on level 7 of the Dungeon)

   Str+5:     It affects your strength (+5).
   rPois:     It protects you from poison.
 J - the +1 pair of boots of the Butcher (worn) {rC+ Str+4 SInv}
   (You found it on level 5 of the Lair of Beasts)

   Str+4:     It affects your strength (+4).
   rC+:       It protects you from cold.
   SInv:      It lets you see invisible.
 V - a +2 hat of stealth (worn)
   (You found it on level 4 of the Spider Nest)
 Z - the +3 plate armour "Pimy Ymm" (worn) {Regen+ Int+2}
   (You found it on level 2 of the Lair of Beasts)

   Int+2:     It affects your intelligence (+2).
   Regen+:    It increases your rate of health regeneration.
Jewellery
 k - a +5 ring of evasion
   (You took it off a centaur on level 13 of the Dungeon)
 p - an amulet of regeneration (around neck)
   (You found it on level 5 of the Lair of Beasts)
 q - the ring of the Coward (right hand) {rPois rN+ Int+3 Slay+3}
   (You found it on level 2 of the Lair of Beasts)

   [ring of positive energy]

   Int+3:     It affects your intelligence (+3).
   Slay+3:    It affects your accuracy & damage with ranged weapons and melee
   (+3).
   rPois:     It protects you from poison.
   rN+:       It protects you from negative energy.
 r - a +6 ring of strength (left hand)
   (You found it on level 15 of the Dungeon)
 w - a +6 ring of dexterity
   (You found it on level 6 of the Dungeon)
 A - a +4 ring of protection
   (You took it off a tengu warrior on level 2 of the Depths)
 C - an amulet of reflection
   (You bought it in a shop on level 2 of the Orcish Mines)
 I - a ring of protection from cold
   (You found it on level 1 of the Depths)
 S - a ring of flight
   (You bought it in a shop on level 2 of the Orcish Mines)
Wands
 d - a wand of iceblast (19)
   (You found it on level 15 of the Dungeon)
 f - a wand of flame (62)
   (You found it on level 5 of the Dungeon)
 D - a wand of digging (7)
   (You found it on level 2 of the Lair of Beasts)
 K - a wand of charming (10)
   (You found it on level 8 of the Dungeon)
 N - a wand of mindburst (7)
   (You found it on level 15 of the Dungeon)
 O - a wand of polymorph (2)
   (You took it off Sonja on level 2 of the Lair of Beasts)
Scrolls
 e - 10 scrolls of immolation {!r}
 h - 3 scrolls of fear
 i - 17 scrolls of identify {@r1}
 o - 4 scrolls of revelation
 t - 14 scrolls of teleportation {@r4}
 E - 2 scrolls of poison {!r}
 T - 6 scrolls of fog
Potions
 c - 4 potions of enlightenment
 j - 3 potions of heal wounds {@q2}
 s - 3 potions of resistance
 u - 3 potions of magic
 z - 4 potions of mutation {!q}
 F - 9 potions of curing {@q1}
 P - 4 potions of invisibility
 Q - 5 potions of attraction {!q}
 R - 4 potions of lignification {!q}
Miscellaneous
 U - a phial of floods (inert)
   (You found it on level 4 of the Shoals)
 W - a phantom mirror
   (You found it in an ice cave)
 Y - a sack of spiders
   (You found it on level 5 of the Lair of Beasts)


   Skills:
 + Level 20.9 Fighting
 + Level 19.1 Axes
 + Level 15.2 Ranged Weapons
 + Level 10.8 Throwing
 - Level 17.6 Armour
 - Level 11.8 Dodging
 - Level 11.4 Stealth
 - Level 10.2 Shields
 + Level 14.3 Invocations
 + Level 11.2 Evocations


You had 20 spell levels left.
You didn't know any spells.
Your spell library contained the following spells:

 Spells                   Type           Power      Damage    Failure   Level
 Foxfire                  Conj/Fire      0%         2x1d4     75%         1
 Sting                    Conj/Alch      0%         1d3       75%         1
 Cigotuvi's Dreadful Rot  Necr/Alch/Air  0%         N/A       87%         2
 Mercury Vapours          Alch/Air       0%         N/A       87%         2
 Static Discharge         Conj/Air       0%         3-3/arc   87%         2
 Gell's Gravitas          Tloc           0%         N/A       98%         3
 Passwall                 Erth           0%         N/A       98%         3
 Teleport Other           Tloc           0%         N/A       98%         3
 Airstrike                Air            0%         2d(0-16)  100%        4
 Animate Armour           Summ/Erth      0%         N/A       100%        4
 Brom's Barrelling Bould  Conj/Erth      0%         2d3       100%        4
 Dispel Undead            Necr           0%         3d6       100%        4
 Ignite Poison            Fire/Alch      0%         N/A       100%        4
 Martyr's Knell           Necr/Summ      0%         N/A       100%        4
 Olgreb's Toxic Radiance  Alch           0%         N/A       100%        4
 Petrify                  Alch/Erth      0%         N/A       100%        4
 Summon Lightning Spire   Summ/Air       0%         N/A       100%        4
 Vhi's Electric Charge    Tloc/Air       0%         N/A       100%        4
 Freezing Cloud           Conj/Ice/Air   0%         6-21      100%        5
 Iskenderun's Battlesphe  Conj           0%         2d6       100%        5
 Lee's Rapid Deconstruct  Erth           0%         3d4*      100%        5
 Bombard                  Conj/Erth      0%         9d1       100%        6
 Death Channel            Necr           0%         N/A       100%        6
 Dispersal                Tloc           0%         N/A       100%        6
 Plasma Beam              Fire/Air       0%         2x1d10    100%        6
 Starburst                Conj/Fire      0%         6d3       100%        6
 Spellforged Servitor     Conj/Summ      0%         N/A       100%        7
 Chain Lightning          Conj/Air       0%         N/A       100%        9
 Fire Storm               Conj/Fire      0%         5d1       100%        9
 Shatter                  Erth           0%         3d5*      100%        9


Dungeon Overview and Level Annotations

Branches:
Dungeon (15/15) Zot: 24347  Temple (1/1) D:7 Zot: 5922    Lair (5/5) D:9 Zot: 19259
 Shoals (4/4) Lair:3 Zot: 18926  Spider (4/4) Lair:3 Zot: 19290   Slime (0/5) Lair:4
    Orc (2/2) D:12 Zot: 7560     Elf (0/3) Orc:2        Vaults (4/5) D:13 Zot: 17494
  Crypt (0/3) Vaults:3     Depths (2/4) D:15 Zot: 9324  Bailey (visited)
  IceCv (visited)         Volcano (visited)

Altars:
Ashenzari
Cheibriados
Dithmenos
Elyvilon
Fedhas
Gozag
Hepliaklqana
Kikubaaqudgha
Makhleb
Nemelex Xobeh
Okawaru
Qazlal
Ru
Sif Muna
Trog
Uskayaw
Vehumet
Wu Jian
Xom
Yredelemnul
Zin
The Shining One
Beogh
Jiyva
Lugonu

Shops:
D:3 [   D:6 :   Orc:2 *!?(![[=   Shoals:3 [   Vaults:3 :   Vaults:4 :

Portals:
Hell: Depths:1 Depths:2
Abyss: Lair:5

Annotations:
Vaults:1 1 runed translucent door, gosagan's ghost, adept OnHW


Innate Abilities, Weirdness & Mutations

You can walk on water.
Your facial features are unmistakably orcish.
You have a pair of horns on your head.
You reflexively headbutt those who attack you in melee.
You are somewhat resistant to further mutation.


Message History

The frost giant dies!
Beogh accepts your kill.
You hear a shout! x2
You hit the storm dragon. You headbutt the storm dragon.
The storm dragon closely misses you.
The storm dragon claws you but does no damage.
The storm dragon tramples you but does no damage.
You closely miss the storm dragon.
The storm dragon breathes lightning at you.
The bolt of lightning hits you!!
* * * LOW HITPOINT WARNING * * *
The bolt of lightning hits Boldo!!
Boldo dies!
You swear to avenge Boldo's death!
Your battlesphere dissipates.
The bolt of lightning misses you.
The bolt of lightning hits the storm dragon.
The storm dragon completely resists.
The bolt of lightning hits the fire giant!!
The fire giant shouts!
You hear a faint skittering sound.
You hear a deafening roar!
You hear a shout!
You closely miss the storm dragon.
The storm dragon roars deafeningly!
You slash the fire giant! You drain the fire giant!
The storm dragon bites you but does no damage.
The storm dragon claws you but does no damage.
You block the storm dragon's attack.
You slice the storm dragon!! You slash the fire giant!
You drain the fire giant. The fire giant misses you.
You block the storm dragon's attack. The storm dragon barely misses you.
You block the storm dragon's attack.
Unknown command.
You closely miss the storm dragon. You headbutt the storm dragon!
You hit the fire giant.
An orb spider comes into view.
A sphinx comes into view.
The fire giant hits you but does no damage.
The storm dragon breathes lightning at you.
The bolt of lightning misses you. x2
The bolt of lightning hits the storm dragon.
The storm dragon completely resists.
You hear a deafening roar!
You hear a shout!
You catch the helpless storm dragon completely off-guard!
You chop the storm dragon into pieces!!!
You kill the storm dragon!
Beogh accepts your kill.
You hit the fire giant but do no damage.
The sphinx mumbles some strange words.
Something smites you!
You die...

.. ##...# . #....#
..'....' ## + ##.
....# )[# #.
###.?##...##)! ##.
...... ....'# #..
......##.C..##'##...
#..
....o..#@[..........
...
....*.§#)$.........
...
#####†°###.......
.## #....s.§.###...#
#......#.†.C##'##...
.......#.[)....H....
.....[.#.[).[#.#....
.......#....## #....
#.....##..†.# #....#


You could see a fire giant (drained, target of vengeance), a sphinx and an orb
spider (target of vengeance).

Vanquished Creatures
  A golden dragon (Depths:2)
  A bone dragon (Vaults:3)
  Jorgrun (Spider:3)
  2 liches
  A sphinx (Vaults:4)
  2 krakens
  A quicksilver dragon (Vaults:4)
  2 titans
  3 tengu reavers
  Ilsuiw (Shoals:2)
  5 fire giants
  2 storm dragons
  6 frost giants
  A deep elf sorcerer (Vaults:4)
  The ghost of Vaucseu the Severer, a journeyman MiFi of Okawaru (Orc:1)
  A ghost moth (Spider:4)
  7 emperor scorpions
  14 vault wardens
  15 ironbound preservers
  An orc warlord (Vaults:3)
  5 ironbound thunderhulks
  2 formless jellyfish (Vaults:3)
  9 very ugly things
  3 broodmothers
  3 stone giants (Depths:1)
  A war gargoyle (Vaults:1)
  A deep elf death mage (Vaults:2)
  12 spark wasps
  4 dire elephants (Vaults:3)
  The ghost of ragingrage the Marksdraconian, a journeyman DrHs of Hepliaklqana (Lair:5)
  Azrael (D:13)
  Snorg (D:12)
  3 entropy weavers
  4 ettins
  3 merfolk impalers (Shoals:4)
  5 merfolk javelineers
  12 yaktaur captains
  A crystal guardian (Vaults:4)
  2 fire dragons
  2 rakshasas (Depths:2)
  Harold (D:11)
  A deep elf high priest (Vaults:2)
  3 ice dragons
  3 great orbs of eyes
  8 vault guards
  A death knight (D:14)
  3 hydras
  A peacekeeper (Vaults:4)
  An alligator snapping turtle (Shoals:2)
  2 spriggan air magi
  2 merfolk avatars (Shoals:3)
  4 ogre magi (Orc:2)
  9 ironbound frosthearts
  4 radroaches
  19 two-headed ogres
  Erica (Lair:1)
  12 centaur warriors
  A satyr (Shoals:4)
  A catoblepas (D:15)
  2 deep troll earth magi
  7 boulder beetles
  A death yak (Lair:2)
  4 thrashing horrors (Lair:5)
  A deep troll shaman (Depths:1)
  3 merfolk aquamancers (Shoals:4)
  2 vampire magi
  A hell hog (Depths:1)
  An occultist (Depths:2)
  7 demonic crawlers
  An orc high priest (Orc:1)
  2 tengu warriors
  6 sun demons (Depths:1)
  3 spriggan berserkers (Depths:1)
  Sonja (Lair:2)
  A shadow wraith (Vaults:3)
  6 hell knights
  6 skysharks
  3 skeletal warriors (Volcano)
  A fire crab (D:15)
  4 pharaoh ants
  3 sea snakes
  4 orb spiders
  40 deep trolls
  5 arcanists
  3 glowing orange brains
  A sun moth (Spider:1)
  2 anaconda skeletons (Volcano)
  A deep elf archer (Vaults:2)
  A deep elf zephyrmancer (Vaults:2)
  2 bog bodies (IceCv)
  A thermic dynamo (D:15)
  A large abomination (Lair:5)
  14 ironbound convokers
  Pikel (D:8)
  6 harpies (Vaults:1)
  A necromancer (Depths:1)
  3 deep elf pyromancers (D:15)
  15 lindwurms
  9 steelbarb worms
  7 orc knights
  An orc sorcerer (Vaults:4)
  A faun (Shoals:2)
  10 wolf spiders
  5 manticores
  7 salamanders
  2 moths of wrath (Spider:2)
  17 ugly things
  9 cyclopes
  18 elephants
  A molten gargoyle (D:15)
  7 water nymphs
  2 kobold blastminers (Orc:2)
  8 merfolk sirens
  4 rust devils
  11 vault sentinels
  9 gargoyles
  3 smoke demons (Lair:5)
  3 ice statues
  An eye of devastation (Depths:1)
  7 black mambas
  5 cane toads
  A kobold demonologist (D:13)
  40 yaktaurs
  6 torpor snails
  A freezing wraith (Lair:2)
  8 rime drakes
  2 tengu conjurers
  An efreet (D:13)
  6 komodo dragons
  5 ice devils
  An anaconda simulacrum (IceCv)
  8 trolls
  8 polar bears
  2 hornets
  8 wind drakes
  14 tarantellas
  2 harpy skeletons (Volcano)
  16 merfolk
  19 blink frogs
  16 jumping spiders
  2 raiju
  2 snapping turtles (Shoals:4)
  2 ynoxinuls
  5 air elementals
  11 culicivoras
  4 spriggans
  A shadow (D:12)
  13 slime creatures
  3 fire bats (Orc:2)
  A basilisk (shapeshifter) (D:15)
  16 water elementals
  4 wraiths
  2 dire elephant simulacra (IceCv)
  A fire elemental (D:13)
  4 vampires
  A human (D:12)
  3 basilisks (Lair:5)
  4 wyverns
  Grum (D:8)
  28 yaks
  A redback (shapeshifter) (D:15)
  A warg (shapeshifter) (Lair:5)
  2 steam dragons
  A chaos spawn (Lair:5)
  3 death yak simulacra (IceCv)
  39 redbacks
  11 vampire mosquitoes
  10 small abominations (Lair:5)
  2 hydra simulacra (IceCv)
  13 water moccasins
  5 hell hounds (D:13)
  2 meliai simulacra (D:15)
  2 ice beasts
  23 orc warriors
  5 black bears
  3 laughing skulls
  7 boggarts
  16 wolves
  23 centaurs
  29 ogres
  A phantom (D:7)
  A kobold brigand (D:6)
  A lemure (D:8)
  A weeping skull (Volcano)
  9 bullfrogs
  3 scorpions
  10 two-headed ogre simulacra
  A cane toad simulacrum (IceCv)
  An entropy weaver simulacrum (Lair:4)
  2 gnoll sergeants
  10 wights
  14 killer bees
  An electric eel (Lair:3)
  5 howler monkeys
  2 spriggan skeletons (Volcano)
  A bombardier beetle (D:4)
  5 jellies
  A hound (D:6)
  A gnoll bouda (D:9)
  10 orc priests
  2 iguanas
  20 orc wizards
  4 spriggan simulacra (IceCv)
  12 troll simulacra (IceCv)
  2 polar bear simulacra (IceCv)
  2 wolf simulacra (IceCv)
  15 gnolls
  5 naga simulacra
  9 adders
  A shadow imp (D:8)
  7 white imps
  5 ufetubi (IceCv)
  3 dart slugs
  5 ribbon worms
  80 orcs
  6 endoplasms
  7 giant cockroaches
  10 goblins
  10 hobgoblins
  8 jackals (D:2)
  15 kobolds
  3 quokkas
  10 ball pythons
  4 bats
  7 frilled lizards
  12 rats
  A spectral goblin (D:7)
1349 creatures vanquished.

Vanquished Creatures (collateral kills)
  Nikola (Shoals:2)
  Norris (Depths:2)
  Rupert (D:15)
  A tengu reaver (Depths:2)
  A shadow dragon (Depths:2)
  Roxanne (Spider:4)
  A fire giant (Depths:2)
  3 frost giants
  An iron dragon (Depths:2)
  2 emperor scorpions
  A vault warden (Vaults:2)
  An ironbound preserver (Vaults:4)
  An orc warlord (Vaults:2)
  3 ghost moths
  A stone giant (Depths:1)
  3 ironbound thunderhulks
  A spark wasp (Depths:1)
  A fire dragon (Depths:1)
  A merfolk javelineer (Shoals:4)
  A yaktaur captain (Vaults:4)
  3 entropy weavers
  6 merfolk impalers
  A great orb of eyes (Depths:1)
  3 merfolk aquamancers
  A centaur warrior (D:14)
  3 ironbound frosthearts
  An alligator snapping turtle (Shoals:4)
  2 boulder beetles
  A demonic crawler (Spider:4)
  A hell hog (Depths:1)
  A spriggan berserker (Depths:2)
  2 fire crabs (D:15)
  A sixfirhy (Depths:2)
  An orb spider (Spider:3)
  A deep troll (Vaults:4)
  7 sea snakes
  2 steelbarb worms (Spider:4)
  A sun moth (Spider:2)
  An arcanist (Vaults:4)
  A lindwurm (D:15)
  2 harpies (Vaults:1)
  An orc knight (Vaults:2)
  4 manticores
  3 cyclopes
  2 deep elf pyromancers (D:15)
  A shining eye (Depths:1)
  5 wolf spiders
  2 moths of wrath
  A salamander (shapeshifter) (D:14)
  2 fauns (Shoals:2)
  3 ugly things
  3 salamanders (D:15)
  An elephant (Lair:4)
  A vault sentinel (Vaults:1)
  A black mamba (Lair:4)
  6 merfolk sirens
  5 water nymphs
  A torpor snail (Spider:4)
  A cane toad (Lair:4)
  4 yaktaurs
  An efreet (D:13)
  A red devil (Lair:5)
  A tengu conjurer (D:15)
  8 merfolk
  A polar bear (Lair:4)
  A hornet (Depths:1)
  6 tarantellas
  4 snapping turtles
  3 slime creatures
  6 jumping spiders
  4 culicivoras
  2 air elementals (Shoals:4)
  8 water elementals
  16 redbacks
  A wyvern (Lair:5)
  4 yaks (Lair:2)
  A warg (Vaults:4)
  A fire elemental (Depths:1)
  A basilisk (Lair:5)
  A laughing skull (D:14)
  A wolf (Lair:4)
  2 centaurs (D:13)
  A troll simulacrum (Lair:4)
191 creatures vanquished.

Vanquished Creatures (others)
  A vault warden (Vaults:2)
  A very ugly thing (Depths:2)
  Josephine (D:15)
  A hydra (D:13)
  A deep troll (Vaults:1)
  3 orc knights
  2 elephants (Lair:4)
  28 orc apostles
  2 yaktaurs (Vaults:2)
  A merfolk (Shoals:2)
  A water elemental (Shoals:4)
  An orc priest (D:12)
  3 orcs
  189 foxfires
  7 tentacles
242 creatures vanquished.

Grand Total: 1782 creatures vanquished

Notes
Turn   | Place    | Note
-------+----------+-------------------------------------------
     0 | D:1      | Pooter the Minotaur Fighter began the quest for the Orb.
     0 | D:1      | Reached XP level 1. HP: 19/19 MP: 0/0
    13 | D:1      | Reached XP level 2. HP: 27/27 MP: 1/1
    15 | D:1      | Reached skill level 1 in Invocations
   206 | D:1      | Found a faded altar of an unknown god.
   283 | D:1      | Reached XP level 3. HP: 33/33 MP: 3/3
   366 | D:1      | Reached skill level 1 in Throwing
   962 | D:2      | Reached skill level 4 in Fighting
  1056 | D:2      | Reached XP level 4. HP: 36/40 MP: 4/4
  1155 | D:2      | Found a radiant altar of Vehumet.
  1889 | D:3      | Identified the +2 ring mail of Fyubir Paom {Harm rElec
                  | Will+}
  2049 | D:3      | Noticed a scorpion
  2056 | D:3      | Killed a scorpion
  2057 | D:3      | Reached XP level 5. HP: 41/47 MP: 3/6
  2127 | D:3      | Found a blossoming altar of Fedhas.
  2366 | D:3      | Found Teqiu's Antique Armour Emporium.
  2777 | D:4      | Reached XP level 6. HP: 53/53 MP: 7/7
  2847 | D:4      | Reached skill level 5 in Axes
  3123 | D:4      | Identified a scroll of acquirement
  3124 | D:4      | Acquired a manual of Axes
  3314 | D:5      | Entered Level 5 of the Dungeon
  3355 | D:5      | Reached skill level 5 in Fighting
  3355 | D:5      | Reached XP level 7. HP: 31/61 MP: 4/9
  3713 | D:5      | Reached skill level 1 in Ranged Weapons
  4473 | D:6      | Reached XP level 8. HP: 70/70 MP: 10/10
  4593 | D:6      | Reached skill level 6 in Fighting
  4633 | D:6      | Found a hide-covered altar of Uskayaw.
  4837 | D:6      | Found a shadowy altar of Dithmenos.
  4871 | D:6      | Found a radiant altar of Vehumet.
  4888 | D:6      | Found Bownoiw's Book Shoppe.
  5075 | D:6      | Reached skill level 10 in Axes
  5713 | D:7      | Found a staircase to the Ecumenical Temple.
  5768 | D:7      | Reached skill level 5 in Ranged Weapons
  5798 | D:7      | Found a flagged portal.
  5810 | Bailey   | Entered a bailey
  5828 | Bailey   | Reached XP level 9. HP: 46/78 MP: 6/11
  6010 | Bailey   | Reached skill level 7 in Fighting
  8859 | Bailey   | Reached skill level 8 in Fighting
  9635 | D:7      | Reached XP level 10. HP: 88/88 MP: 12/12
  9852 | D:7      | Acquired the +0 pair of gloves of the Clam {rPois Str+5}
  9992 | D:7      | Found a hazy altar of Hepliaklqana.
 10205 | Temple   | Entered the Ecumenical Temple
 10336 | D:8      | Noticed Pikel
 10348 | D:8      | Killed Pikel
 10349 | D:8      | Reached skill level 15 in Axes
 10500 | D:8      | Found a glowing silver altar of Zin.
 10500 | D:8      | Found a burning altar of Makhleb.
 10779 | D:8      | Found a shimmering blue altar of Sif Muna.
 10939 | D:8      | Reached skill level 9 in Fighting
 11365 | D:8      | Noticed Grum
 11386 | D:8      | Killed Grum
 11930 | D:9      | Noticed a two-headed ogre
 11936 | D:9      | Killed a two-headed ogre
 11937 | D:9      | Reached skill level 10 in Ranged Weapons
 11959 | D:9      | Noticed a two-headed ogre
 11966 | D:9      | Killed a two-headed ogre
 11967 | D:9      | Reached XP level 11. HP: 97/97 MP: 13/13
 12131 | D:9      | Noticed a two-headed ogre
 12138 | D:9      | Killed a two-headed ogre
 12207 | D:9      | Found a staircase to the Lair.
 12589 | D:10     | Entered Level 10 of the Dungeon
 12664 | D:10     | Identified the +3 trident of Fivawon {flame, +Blink Will+
                  | Str+3 Dex-5}
 12954 | D:10     | Reached skill level 10 in Fighting
 13334 | D:10     | Identified the +2 long sword "Cefrug" {venom, Fly rPois rF+
                  | Dex-4}
 13689 | Lair:1   | Entered Level 1 of the Lair of Beasts
 14924 | Lair:1   | Noticed Erica
 14929 | Lair:1   | Killed Erica
 15271 | Lair:1   | Reached XP level 12. HP: 108/108 MP: 14/14
 15276 | Lair:2   | Reached skill level 11 in Fighting
 15367 | Lair:2   | Reached skill level 1 in Dodging
 15461 | Lair:2   | Reached skill level 1 in Evocations
 15862 | Lair:2   | Noticed a boulder beetle
 16084 | Lair:1   | Killed a boulder beetle
 16394 | Lair:2   | Noticed a death yak
 16394 | Lair:2   | Noticed Sonja
 16406 | Lair:2   | Noticed a death yak
 16408 | Lair:2   | Banished a death yak
 16421 | Lair:2   | Killed a death yak
 16423 | Lair:2   | Reached skill level 5 in Armour
 16428 | Lair:2   | Your ally Sonja died
 16429 | Lair:2   | Reached skill level 5 in Shields
 17168 | Lair:2   | Identified the +3 plate armour "Pimy Ymm" {Regen+ Int+2}
 17792 | Lair:2   | Identified the ring of the Coward {rPois rN+ Int+3 Slay+3}
 19574 | Lair:3   | Found a staircase to the Shoals.
 19585 | Lair:3   | Reached XP level 13. HP: 98/117 MP: 11/15
 19779 | Lair:3   | Reached skill level 12 in Fighting
 19830 | Lair:3   | Found a hole to the Spider Nest.
 20577 | D:11     | Reached skill level 5 in Dodging
 20602 | D:11     | Noticed Harold
 20618 | D:11     | Killed Harold
 20725 | D:11     | Found a frozen archway.
 20735 | D:11     | Found a blossoming altar of Fedhas.
 20738 | IceCv    | Entered an ice cave
 24151 | IceCv    | Identified the +2 halberd of True Grit {spect, rN+ Int-3
                  | Dex+2}
 24838 | D:11     | Noticed Maurice
 24845 | D:11     | Noticed Maurice
 24853 | D:11     | Killed Maurice the raiju
 24854 | D:11     | Reached skill level 5 in Evocations
 25012 | D:12     | Found a staircase to the Orcish Mines.
 25109 | Orc:1    | Entered Level 1 of the Orcish Mines
 25343 | Orc:1    | You fall into a shaft and drop 1 floor!
 25343 | Orc:2    | Entered Level 2 of the Orcish Mines
 25350 | Orc:2    | Found Quforoac's Assorted Antiques.
 25357 | Orc:2    | Bought a scroll of enchant weapon for 262 gold pieces
 25357 | Orc:2    | Bought a scroll of identify for 70 gold pieces
 25357 | Orc:2    | Bought a scroll of enchant armour for 262 gold pieces
 25357 | Orc:2    | Bought a potion of might for 140 gold pieces
 25378 | Orc:2    | Found a dark tunnel.
 25391 | Volcano  | Entered a volcano
 25467 | Volcano  | Reached skill level 13 in Fighting
 25628 | Volcano  | Reached XP level 14. HP: 93/129 MP: 10/16
 25943 | Orc:2    | Found Cyvoba's Magic Scroll Boutique.
 25943 | Orc:2    | Found Ripam's Distillery.
 25943 | Orc:2    | Found Xigiu's Antique Weapon Emporium.
 25943 | Orc:2    | Found Feanu's Antique Armour Shop.
 25966 | Orc:2    | Became a worshipper of Beogh the Shepherd
 26025 | Orc:2    | Found Zioraqen's Distillery.
 26365 | Orc:1    | Reached * piety under Beogh
 26429 | Orc:2    | Found an iron altar of Okawaru.
 26431 | Orc:2    | Found a roughly hewn altar of Beogh.
 26457 | Orc:2    | Found a staircase to the Elven Halls.
 26492 | Orc:2    | Bought a potion of invisibility for 104 gold pieces
 26492 | Orc:2    | Bought a potion of invisibility for 104 gold pieces
 26492 | Orc:2    | Bought a potion of heal wounds for 65 gold pieces
 26492 | Orc:2    | Bought a potion of might for 52 gold pieces
 26492 | Orc:2    | Bought a potion of enlightenment for 65 gold pieces
 26492 | Orc:2    | Bought 2 potions of heal wounds for 130 gold pieces
 26492 | Orc:2    | Bought a potion of curing for 39 gold pieces
 26693 | Orc:2    | Reached ** piety under Beogh
 28706 | Orc:2    | Bought a scroll of revelation for 97 gold pieces
 28706 | Orc:2    | Bought a scroll of identify for 26 gold pieces
 29186 | Orc:1    | Found a runed translucent door.
 29186 | Orc:1    | Noticed Vaucseu's ghost (journeyman MiFi)
 29218 | Orc:1    | Killed Vaucseu's ghost
 29219 | Orc:1    | Reached skill level 14 in Fighting
 29540 | Orc:2    | Found Lioretaove's Armour Emporium.
 29554 | Orc:2    | Bought the +0 cloak "Midut" {+Inv Dex-2 Slay+4} for 497
                  | gold pieces
 29607 | Orc:2    | Found Giutwuw's Jewellery Emporium.
 29918 | D:12     | Noticed Snorg
 29925 | D:12     | Killed Snorg
 29926 | D:12     | Reached skill level 10 in Armour
 29933 | D:12     | Reached skill level 10 in Shields
 30678 | D:13     | Noticed Azrael
 30729 | D:13     | Killed Azrael
 31103 | D:13     | Reached *** piety under Beogh
 31118 | D:13     | Anointed Benkei the priest as your apostle
 31132 | D:13     | Found a gate to the Vaults.
 31161 | D:13     | Reached skill level 1 in Stealth
 31161 | D:13     | Reached XP level 15. HP: 128/139 MP: 15/17
 31428 | D:13     | Noticed Urug
 31438 | D:13     | Pacified Urug
 31653 | D:14     | Reached skill level 5 in Invocations
 32008 | D:14     | Found a bloodstained altar of Trog.
 32772 | D:15     | Entered Level 15 of the Dungeon
 33253 | D:15     | Found a staircase to the Depths.
 33253 | D:15     | Noticed Rupert
 33278 | D:15     | Killed Rupert
 33301 | D:15     | Anointed Warrok the priest as your apostle
 33415 | D:15     | Reached **** piety under Beogh
 33448 | D:15     | Got the Quarto of Geological Gases
 33467 | D:15     | Noticed Josephine
 33474 | D:15     | Killed Josephine
 33485 | D:15     | Your ally Warrok died
 33667 | D:15     | Identified the staff of Lust {rPois Will+ Str+4 Air Earth}
 33717 | D:15     | Reached skill level 15 in Fighting
 34392 | D:15     | Reached skill level 10 in Dodging
 34408 | D:15     | Paralysed by an air elemental for 1 turns
 34703 | D:15     | Got Qiuwk's Notes on the Squall and Oromancy
 34786 | D:15     | Upgraded the game from 0.32-a0-599-gba8f9cf90e to
                  | 0.32-a0-607-g64ea0e4219
 34990 | Spider:1 | Entered Level 1 of the Spider Nest
 35033 | Spider:1 | Your ally Benkei died
 35062 | Spider:1 | Anointed Garbold the priest as your apostle
 35463 | Spider:1 | Reached XP level 16. HP: 149/149 MP: 20/20
 35471 | Spider:1 | Upgraded the game from 0.32-a0-607-g64ea0e4219 to
                  | 0.32-a0-612-g1c984fe9d1
 35517 | Spider:1 | Your ally Garbold died
 35687 | Spider:1 | Reached skill level 5 in Stealth
 35870 | Spider:1 | Your ally Warrok died
 36923 | Spider:2 | Reached ***** piety under Beogh
 37238 | Spider:3 | Noticed Jorgrun
 37252 | Spider:3 | Killed Jorgrun
 37253 | Spider:3 | Reached skill level 16 in Fighting
 37401 | Spider:3 | Identified the +9 dire flail "Havoluhome" {venom, Str+2}
 37415 | Spider:3 | Anointed Zorug the warrior as your apostle
 37553 | Spider:3 | Your ally Warrok died
 38027 | Orc:2    | Bought a pair of glowing boots for 232 gold pieces
 38407 | Spider:3 | Upgraded the game from 0.32-a0-612-g1c984fe9d1 to
                  | 0.32-a0-616-g9348d4545b
 38425 | Spider:4 | Entered Level 4 of the Spider Nest
 38793 | Spider:4 | Noticed Roxanne
 38807 | Spider:4 | Killed Roxanne
 38866 | Spider:4 | Reached skill level 10 in Evocations
 39161 | Spider:4 | Your ally Warrok died
 39403 | Spider:4 | Reached XP level 17. HP: 160/160 MP: 22/22
 39478 | Spider:4 | Reached skill level 5 in Throwing
 39616 | Spider:4 | Got a gossamer rune of Zot
 40360 | Orc:2    | Bought a ring of flight for 245 gold pieces
 40360 | Orc:2    | Bought an amulet of reflection for 420 gold pieces
 40574 | Shoals:1 | Entered Level 1 of the Shoals
 41390 | Shoals:1 | Identified the +5 arbalest of Wu Jian's Regard {heavy,
                  | Dex+4}
 41814 | Shoals:2 | Reached skill level 17 in Fighting
 41929 | Shoals:2 | Your ally Warrok died
 41936 | Shoals:2 | Noticed a kraken
 41947 | Shoals:2 | Killed a kraken
 42139 | Shoals:2 | Noticed Nikola
 42145 | Shoals:2 | Killed Nikola
 42678 | Shoals:2 | Noticed Ilsuiw
 42694 | Shoals:2 | Identified the +1 war axe of the Chain {heavy, ^Fragile
                  | Will+ Int+4 Dex+3}
 42708 | Shoals:2 | Your ally Benkei died
 42717 | Shoals:2 | Killed Ilsuiw
 43153 | Shoals:3 | Found Elidd's Antique Armour Emporium.
 43311 | Shoals:3 | Noticed a kraken
 43322 | Shoals:3 | Your ally Warrok died
 43323 | Shoals:3 | Killed a kraken
 43613 | Shoals:3 | Reached skill level 10 in Invocations
 44376 | Shoals:4 | Entered Level 4 of the Shoals
 44386 | Shoals:4 | Paralysed by an air elemental for 1 turns
 44408 | Shoals:4 | Paralysed by an air elemental for 1 turns
 44698 | Shoals:4 | Found a blossoming altar of Fedhas.
 44865 | Shoals:4 | Paralysed by an air elemental for 1 turns
 45123 | Shoals:4 | Reached XP level 18. HP: 102/170 MP: 24/24
 45140 | Shoals:4 | Paralysed by an air elemental for 1 turns
 45159 | Shoals:4 | Your ally Benkei died
 45242 | Shoals:4 | Got a barnacled rune of Zot
 45243 | Shoals:4 | Identified the staff of the Deaths {Fly rPois rC+ Str-5
                  | Necro Ice}
 45313 | Shoals:4 | Paralysed by an air elemental for 1 turns
 45316 | Shoals:4 | Paralysed by an air elemental for 1 turns
 45322 | Shoals:4 | Paralysed by an air elemental for 1 turns
 45881 | Lair:4   | Gained mutation: You expend magic power (3 MP) to
                  | strengthen your wands. [potion of mutation]
 45881 | Lair:4   | Gained mutation: Your spells are a little harder to cast,
                  | but a little more powerful. [potion of mutation]
 45882 | Lair:4   | Lost mutation: You expend magic power (3 MP) to strengthen
                  | your wands. [potion of mutation]
 45882 | Lair:4   | Lost mutation: Your spells are a little harder to cast, but
                  | a little more powerful. [potion of mutation]
 45882 | Lair:4   | Gained mutation: You passively map a small area around you.
                  | [potion of mutation]
 45882 | Lair:4   | Gained mutation: You occasionally lose the ability to read
                  | scrolls when taking damage. [potion of mutation]
 45882 | Lair:4   | Gained mutation: You have sharp toenails. [potion of
                  | mutation]
 45883 | Lair:4   | Lost mutation: You occasionally lose the ability to read
                  | scrolls when taking damage. [potion of mutation]
 45883 | Lair:4   | Lost mutation: You have sharp toenails. [potion of
                  | mutation]
 45883 | Lair:4   | Lost mutation: You passively map a small area around you.
                  | [potion of mutation]
 45883 | Lair:4   | Gained mutation: Your body sometimes deteriorates upon
                  | taking damage. [potion of mutation]
 45884 | Lair:4   | Lost mutation: Your body sometimes deteriorates upon taking
                  | damage. [potion of mutation]
 45884 | Lair:4   | Gained mutation: You are somewhat resistant to further
                  | mutation. [potion of mutation]
 46216 | Lair:4   | Found a staircase to the Slime Pits.
 46217 | Lair:4   | Found a viscous altar of Jiyva.
 46551 | Lair:5   | Entered Level 5 of the Lair of Beasts
 46763 | Lair:5   | Identified the +1 pair of boots of the Butcher {rC+ Str+4
                  | SInv}
 46832 | Lair:5   | Identified the +0 robe of Impressiveness {+Blink Will+
                  | Str-2 Slay+3}
 46843 | Lair:5   | Anointed Argrim the wizard as your apostle
 47204 | Lair:5   | Found a runed translucent gate.
 47204 | Lair:5   | Found a runed translucent gate.
 47204 | Lair:5   | Found a runed translucent gate.
 47215 | Lair:5   | Noticed ragingrage's ghost (journeyman DrHs)
 47228 | Lair:5   | Your ally Argrim died
 47229 | Lair:5   | Your ally Warrok died
 47230 | Lair:5   | Killed ragingrage's ghost
 47891 | Lair:5   | Reached skill level 18 in Fighting
 48926 | Lair:5   | Found a corrupted altar of Lugonu.
 48926 | Lair:5   | Found a one-way gate to the infinite horrors of the Abyss.
 48938 | Lair:5   | Identified the +0 leather armour of Togasiomit {Harm +Blink
                  | rN++ Str-2}
 49423 | Vaults:1 | Entered Level 1 of the Vaults
 49765 | Vaults:1 | Your ally Warrok died
 49881 | Vaults:1 | Reached ****** piety under Beogh
 49997 | Vaults:1 | Your ally Argrim died
 50258 | Vaults:1 | Found a runed translucent door.
 50259 | Vaults:1 | Noticed gosagan's ghost (adept OnHW)
 51046 | Vaults:2 | Reached XP level 19. HP: 173/181 MP: 26/26
 51182 | Vaults:2 | Identified the +11 morningstar "Pekloac" {flame, Fly rC+
                  | Int+5}
 51379 | Vaults:2 | Reached skill level 10 in Stealth
 51468 | Vaults:2 | Your ally Warrok died
 51574 | Vaults:2 | Identified the +7 falchion of Zabaheani {heavy, *Slow rCorr
                  | Str+4 Int-3}
 51684 | Vaults:2 | Reached skill level 15 in Armour
 51793 | Vaults:2 | Your ally Zorug died
 51794 | Vaults:2 | Your ally Argrim died
 52038 | Vaults:2 | Reached skill level 19 in Fighting
 52635 | Vaults:2 | Was placed under penance by Beogh
 52864 | Vaults:3 | Was forgiven by Beogh
 52900 | Vaults:3 | Your ally Zorug died
 52901 | Vaults:3 | Your ally Argrim died
 52902 | Vaults:3 | Your ally Warrok died
 52925 | Vaults:3 | Noticed a bone dragon
 52940 | Vaults:3 | Killed a bone dragon
 53253 | Vaults:3 | Found Umyfobiw's Book Shoppe.
 53473 | Vaults:3 | Reached XP level 20. HP: 192/192 MP: 28/28
 53673 | Vaults:3 | Identified the +1 pair of gloves of the Shoals {Harm}
 53997 | Vaults:3 | Found a staircase to the Crypt.
 54281 | Vaults:3 | Upgraded the game from 0.32-a0-616-g9348d4545b to
                  | 0.32-a0-630-g46d191b0ed
 54434 | Vaults:4 | Your ally Argrim died
 54453 | Vaults:4 | Found Edism's Book Boutique.
 54584 | Vaults:4 | Anointed Worak the warrior as your apostle
 54753 | Vaults:4 | Identified the +7 mace of Foka {elec, rPois rF- rC+ rN+}
 54800 | Vaults:4 | Identified the +10 great mace "Legeocvu" {vamp, rPois
                  | Int+4}
 55130 | Vaults:4 | Reached skill level 20 in Fighting
 56236 | Depths:1 | Entered Level 1 of the Depths
 56796 | Depths:1 | Found a gateway to Hell.
 56809 | Depths:1 | Your ally Worak died
 56973 | Depths:1 | Reached skill level 10 in Throwing
 56981 | Depths:1 | Your ally Zorug died
 57201 | Depths:1 | Your ally Argrim died
 57211 | Depths:1 | Reached XP level 21. HP: 122/202 MP: 30/30
 58298 | Depths:2 | Found a hide-covered altar of Uskayaw.
 58349 | Depths:2 | Reached skill level 15 in Ranged Weapons
 58790 | Depths:2 | Noticed Norris
 58805 | Depths:2 | Killed Norris
 58870 | Depths:2 | Noticed a golden dragon
 58880 | Depths:2 | Killed a golden dragon
 58902 | Depths:2 | Your ally Worak died
 58918 | Depths:2 | Identified the +4 robe of the Many Wonders {^Drain rN+
                  | Int+3 Stlth+}
 58940 | Depths:2 | Anointed Boldo the wizard as your apostle
 58996 | Depths:2 | Your ally Argrim died
 59006 | Depths:2 | Your ally Zorug died
 59015 | Depths:2 | HP: 6/203 [storm dragon/bolt of lightning (24)]
 59015 | Depths:2 | Your ally Boldo died
 59019 | Depths:2 | Killed from afar by a sphinx

Illustrated notes

Levels and vault maps discovered:
D:1:      ebering_trefoil_twist, layout_loops_corners,
          shapermc_ecumenical_altar_starsandcircs
D:2:      layout_loops_ring, basic_altar
D:3:      layout_loops_corners, mainiacjoe_overflow_concentric_impassable,
          serial_shops, shop
D:4:      layout_gridville
D:5:      layout_layer_cave, minmay_stone_trees_small, grunt_ministairs_10
D:6:      layout_basic, eat_drink_and_be_merry_uskayaw, grunt_dithmenos_smoke,
          mainiacjoe_overflow_surrounded_room,
          mainiacjoe_sewer_entry_somewhere_in_here_2, serial_shops,
          nicolae_book_shop_shelving
D:7:      layout_gridville, nicolae_hepliaklqana_monster_ancestors,
          minmay_temple_entry_mist, enter_bailey_3, billiards_dpeg
D:8:      layout_loops_corners, grunt_temple_overflow_order_and_chaos_2,
          led_sif_book, kennysheep_generic_room_3, uniq_grum, uniq_pikel
D:9:      layout_long_grid, lair_entry_dummy
D:10:     layout_loops_ring
D:11:     layout_roguey, portal_ice_cave_entry_pillars_2,
          dreamdust_mushroom_princess, fedhas_bush_and_centaur_altar,
          uniq_maurice, uniq_harold
D:12:     layout_big_octagon, erik_orc_4, uniq_snorg
D:13:     layout_roguey, lightli_vaults_fourway_checkpoint, uniq_azrael,
          uniq_urug
D:14:     layout_loops_ring, serial_aquarium, aquarium_bridge_square
          [aquarium_subvault_window, aquarium_subvault_wall,
          aquarium_subvault_wall, aquarium_subvault_bridge], aquarium_window_1,
          aquarium_window_1, aquarium_window_corridor_2, aquarium_view_2c,
          aquarium_view_2b, trog_hazing_becter
D:15:     hangedman_crystal_crosses_colossus [crystal_crosses_arms_four,
          crystal_crosses_arms_two, crystal_crosses_arms_one], uniq_josephine,
          uniq_rupert
Temple:   eino_temple_water
Lair:1:   layout_cave_pods, uniq_erica
Lair:2:   layout_regular_city, ice2_lemuel, uniq_sonja
Lair:3:   layout_loops_ring, elwin_shoals_entry_stream,
          nicolae_spider_entry_non_spiders, st_stairs_13,
          infiniplex_staircase_pool_2, lemuel_fruit_fields, serial_bayou_shore_a
Lair:4:   dreamdust_isle_of_ice, layout_regular_city, slime_entry_1,
          infiniplex_staircase_pool, grunt_megastairs_4
Lair:5:   hellmonk_lair_end_abyssal_woods, layout_regular_city,
          gammafunk_ghost_split, grunt_forest_small_clearing_treed
Shoals:1: layout_shoals
Shoals:2: layout_shoals, uniq_ilsuiw, uniq_nikola
Shoals:3: layout_shoals, serial_shops, nicolae_shop_statue_plus
Shoals:4: shoals_end_hellmonk_storm_palace [storm_palace_center_circular,
          storm_palace_corner_grid, storm_palace_corner_reverse_hut,
          storm_palace_corner_grid, storm_palace_corner_altar]
Spider:1: layout_spider_delve, hangedman_spider_tarantella_strand
Spider:2: layout_spider_delve
Spider:3: layout_spider_delve, uniq_jorgrun
Spider:4: grunt_spider_rune_circles, drop_trap, uniq_roxanne
Orc:1:    layout_diamond_mine, ebering_ghost_inner_flame
Orc:2:    st_orc_ogre_mass, layout_caves, nicolae_volcano_entry_batcave,
          basic_altar, serial_shops, shop, shop, shop, shop,
          nicolae_orc_sculptors_studio, david_defended_altar_orc
Vaults:1: hellmonk_ghost_big_iron, nicolae_vaults_fighting_squares,
          hangedman_vaults_stretched_pinwheel, nicolae_vaults_three_branches,
          nicolae_vaults_variable_pillar_hall, nicolae_vaults_theta,
          nicolae_vaults_little_squares_4, vaults_dpeg_hooks,
          layout_vaults_omnigrid
Vaults:2: ontoclasm_vaults_misaligned, nicolae_vaults_diamond_1,
          ontoclasm_vaults_loading_screen, nicolae_vaults_trapezoid_lopsided_4,
          grunt_vaults_focal, nicolae_vaults_closet_pinwheel_4, v_rooms_4,
          hangedman_vaults_river_flow, nicolae_vaults_windows_and_doors_thing,
          v_misc_30, v_misc_31, nicolae_vaults_trapezoid_1,
          nicolae_vaults_theta, layout_vaults_omnicross
Vaults:3: hangedman_vaults_hat, v_misc_8, dpeg_vaults_waves, v_alt_pattern_3,
          nicolae_vaults_offset_grid_hallway_4, nicolae_vaults_hallways_thing,
          v_misc_18, nicolae_vaults_border_crossing,
          nicolae_vaults_stepped_doors, layout_vaults_ring,
          minmay_crypt_entry_nasty_monster, serial_shops, shop
Vaults:4: nicolae_vaults_corpse_flower,
          nicolae_vaults_variable_pillar_hall_cross, hangedman_vaults_nodes,
          grunt_vaults_trifunnel, vaults_standard_mumra_enter_the_diamond,
          nicolae_vaults_mini_display_case, nicolae_vaults_closet_pinwheel_1,
          nicolae_vaults_double_plus_1, nicolae_vaults_heart-shaped_vault,
          layout_vaults_omnibox, serial_shops, nicolae_shop_mannequins
Depths:1: layout_cave_shapes, nicolae_hell_entry_hellmouth_sunbeams,
          lightli_fourway_metalbox, grunt_megastairs_3
Depths:2: minmay_central_circle, layout_honeycomb, hell_entry,
          rand_demon_pan_entry_8, lemuel_crystal_altar,
          nicolae_abyss_entry_one_way_or_another, uniq_norris

Skill      XL: |  1  2  3  4  5  6  7  8  9 10 11 12 13 14 15 16 17 18 19 20 21 |
---------------+----------------------------------------------------------------+-----
Invocations    | 1 2 3 4 7 9 10 11 12 13 14 | 14.3
Axes           | 3 4 6 8 11 14 16 17 18 19 | 19.1
Throwing       | 1 2 3 4 8 9 10 | 10.8
Fighting       | 4 5 6 8 9 10 11 13 14 15 16 17 18 19 20 | 20.9
Ranged Weapons | 2 5 8 10 12 13 14 15 | 15.2
Armour         | 6 8 10 11 14 16 17 | 17.6
Dodging        | 4 6 8 10 11 | 11.8
Shields        | 6 8 10 | 10.2
Evocations     | 3 5 7 8 10 11 | 11.2
Stealth        | 1 4 6 8 9 11 | 11.4

Action                     |  1- 3 |  4- 6 |  7- 9 | 10-12 | 13-15 | 16-18 | 19-21 || total
---------------------------+-------+-------+-------+-------+-------+-------+-------++-------
  Melee: War axe           |    78 |   121 |   107 |   337 |   665 |   136 |   925 ||  2369
         Headbutt          |     9 |    16 |    18 |    79 |   171 |   246 |   305 ||   844
         Trident           |       |       |       |     3 |       |     6 |       ||     9
         Morningstar       |       |       |       |       |     4 |       |       ||     4
         Broad axe         |       |       |       |       |       |   650 |       ||   650
         Unarmed           |       |       |       |       |       |       |     8 ||     8
   Fire: Sling             |       |       |   139 |   163 |   460 |   318 |       ||  1080
         Hand cannon       |       |       |       |       |       |       |    49 ||    49
  Throw: Stone             |       |     6 |       |       |       |       |       ||     6
         Boomerang         |       |       |     3 |    11 |    15 |    13 |     8 ||    50
         Dart              |       |       |       |     1 |       |       |       ||     1
 Invoke: Recruit Apostle   |       |       |       |       |     3 |     2 |     2 ||     7
         Convert to Beogh  |       |       |       |       |     1 |       |       ||     1
         Smiting           |       |       |       |       |    13 |    42 |     3 ||    58
         Recall Apostles   |       |       |       |       |       |     5 |     5 ||    10
         Dismiss Apostle   |       |       |       |       |       |     2 |     3 ||     5
Ability: Evoke Invisibilit |       |       |       |       |       |     1 |       ||     1
  Evoke: Wand              |       |       |     1 |     8 |    12 |    15 |    11 ||    47
         Phantom mirror    |       |       |       |       |       |     1 |       ||     1
         Sack of spiders   |       |       |       |       |       |       |     2 ||     2
         Phial of floods   |       |       |       |       |       |       |     1 ||     1
    Use: Scroll            |     1 |     7 |     9 |    16 |    17 |    11 |    13 ||    74
         Potion            |       |       |     2 |     3 |    12 |    13 |     6 ||    36
   Stab: Betrayed ally     |       |       |       |     1 |       |       |       ||     1
         Distracted        |       |       |       |       |     4 |    12 |     8 ||    24
         Petrified         |       |       |       |       |       |     4 |       ||     4
         Petrifying        |       |       |       |       |       |     1 |       ||     1
         Invisible         |       |       |       |       |       |       |     7 ||     7
         Sleeping          |       |       |       |       |       |       |     2 ||     2
 Armour: Scale mail        |    57 |    17 |       |       |       |       |       ||    74
         Chain mail        |       |    12 |       |       |    60 |       |       ||    72
         Ring mail         |       |    56 |   156 |   245 |    66 |       |       ||   523
         Plate armour      |       |       |       |    80 |   521 |   728 |   688 ||  2017
         Skin              |       |       |       |       |       |       |     6 ||     6
  Dodge: Dodged            |    30 |    61 |    90 |   133 |   349 |   376 |   407 ||  1446
  Block: Buckler           |    13 |    19 |    44 |    96 |   267 |   427 |   360 ||  1226
         Reflection        |       |       |       |       |       |    14 |       ||    14

Table legend: (Time is in decaauts)
 A = Elapsed time spent in this place.
 B = Non-inter-level travel time spent in this place.
 C = Inter-level travel time spent in this place.
 D = Time resting spent in this place.
 E = Time spent auto-exploring this place.
 F = Levels seen in this place.
 G = Mean time per level.
                   A        B        C        D        E       F      G
               +--------+--------+--------+--------+--------+-----+--------+
         Total |  58665 |  56016 |   2649 |  24207 |  21504 |  40 | 1466.6 |
       Dungeon |  16230 |  15232 |    998 |   3233 |   8817 |  15 | 1082.0 |
        Temple |     77 |     63 |     14 |      0 |      0 |   1 |   77.0 |
          Lair |  10740 |  10011 |    729 |   5188 |   3382 |   5 | 2148.0 |
        Shoals |   5073 |   4902 |    171 |   2025 |   1614 |   4 | 1268.2 |
   Spider Nest |   4709 |   4564 |    145 |   1914 |   1689 |   4 | 1177.2 |
  Orcish Mines |   4439 |   4160 |    279 |   2970 |    616 |   2 | 2219.5 |
        Vaults |   6505 |   6254 |    251 |   1464 |   3477 |   4 | 1626.2 |
        Depths |   2674 |   2615 |     59 |   1051 |   1075 |   2 | 1337.0 |
        Bailey |   3830 |   3830 |      0 |   3124 |    306 |   1 | 3830.0 |
      Ice Cave |   3874 |   3874 |      0 |   3148 |    388 |   1 | 3874.0 |
       Volcano |    507 |    507 |      0 |     86 |    138 |   1 |  507.0 |
               +--------+--------+--------+--------+--------+-----+--------+

Top non-repeatable levels by time:
   IceCv: 3874 daAuts
  Bailey: 3830 daAuts
   Orc:2: 2815 daAuts
  Lair:5: 2674 daAuts
  Lair:3: 2543 daAuts
  Lair:2: 2486 daAuts
  Lair:1: 2203 daAuts
    D:15: 2039 daAuts
Vaults:2: 1976 daAuts
Depths:1: 1916 daAuts
Spider:4: 1670 daAuts
   Orc:1: 1623 daAuts
Vaults:1: 1562 daAuts
     D:9: 1544 daAuts
Vaults:3: 1540 daAuts
